 Dungeon Crawl Stone Soup version 0.31-a0-965-g8a8ce12e04 (webtiles) character file.

Game seed: 15426899193088069337

2811 Dirtsage the Martial Artist (level 9, -2/62 HPs)
             Began as an Octopode Shapeshifter on Oct 26, 2023.
             Was a Believer of Wu Jian.
             Killed from afar by a steam dragon (19 damage)
             ... with a ball of steam
             ... on level 8 of the Dungeon.
             The game lasted 00:14:21 (6541 turns).

Dirtsage the Martial Artist (Octopode Shapeshifter) Turns: 6541, Time: 00:14:21

Health: -2/62      AC:  1    Str: 13    XL:     9   Next: 72%
Magic:  9/9        EV: 18    Int: 12    God:    Wu Jian [**....]
Gold:   377        SH:  0    Dex: 16    Spells: 8/8 levels left

rFire   . .          .
                       - Unarmed
rCold   . . .        h - orb {light}
rNeg    . . .        (helmet currently unavailable)
rPois   .            (no amulet)
rElec   .            o - +5 ring of evasion
rCorr   .            S - ring of see invisible
SInv    +            (no ring)
Will    .....        (no ring)
Stlth   +            (no ring)
HPRegen 0.30/turn    (no ring)
MPRegen 0.11/turn    (no ring)
                     (no ring)

%: no passive effects
@: beast-form, glowing
A: beast (slay +4), almost no armour, amphibious, 8 rings, camouflage 1,
gelatinous body 1, (nimble swimmer 1), tentacles
a: Begin Untransformation, Renounce Religion, Wall Jump


You were on level 8 of the Dungeon.
You worshipped Wu Jian.
Wu Jian was pleased with you.
You were a hulking beast.
You visited 2 branches of the dungeon, and saw 9 of its levels.

You collected 564 gold pieces.
You spent 187 gold pieces at shops.

Inventory:

Armour
 h - an orb of light (worn)
 r - a +0 kite shield
Magical Staves
 g - a staff of cold
Jewellery
 o - a +5 ring of evasion (left tentacle)
 S - a ring of see invisible (right tentacle)
Talismans
 b - a beast talisman
 f - a maw talisman
 v - a blade talisman
Wands
 u - a wand of flame (10)
Scrolls
 c - a scroll of summoning {unknown}
 i - a scroll of enchant weapon {unknown}
 j - 2 scrolls of amnesia
 p - a scroll of fog
 s - a scroll of revelation {unknown}
 t - 2 scrolls of teleportation
 x - a scroll of torment {unknown}
 B - a scroll of blinking
Potions
 a - 3 potions of lignification
 d - 3 potions of might
 e - 3 potions of brilliance
 k - a potion of degeneration {unknown}
 l - 2 potions of heal wounds
 m - a potion of attraction {unknown}
 n - a potion of invisibility {unknown}
 q - 5 potions of curing
 w - a potion of mutation {unknown}
 z - 2 potions of berserk rage {unknown}


   Skills:
 + Level 5.8 Fighting
 - Level 2.0 Dodging
 * Level 8.8 Unarmed Combat
 * Level 8.2 Shapeshifting


You had 8 spell levels left.
You didn't know any spells.
Your spell library contained the following spells:

 Spells                   Type           Power      Damage    Failure   Level
 Cigotuvi's Dreadful Rot  Necr/Pois/Air  0%         N/A       45%         2
 Dispel Undead            Necr           0%         3d6       97%         4
 Leda's Liquefaction      Hex/Erth       0%         N/A       97%         4
 Lee's Rapid Deconstruct  Erth           0%         3d4*      100%        5
 Bombard                  Conj/Erth      0%         9d1       100%        6
 Death Channel            Necr           0%         N/A       100%        6


Dungeon Overview and Level Annotations

Branches:
Dungeon (8/15)             Temple (1/1) D:4
   Lair: D:8-11

Altars:
Ashenzari
Cheibriados
Elyvilon
Gozag
Hepliaklqana
Kikubaaqudgha
Makhleb
Nemelex Xobeh
Okawaru
Qazlal
Ru
Sif Muna
Uskayaw
Wu Jian
Yredelemnul
Zin
The Shining One

Shops:
D:4 (:!

Annotations:
D:3 1 runed translucent door, Crazy Yiuf
D:7 1 runed translucent door, Zgarb's ghost, novice DgFE


Innate Abilities, Weirdness & Mutations

You are a hulking beast.
Your limbs bulge with bestial killing power. (Slay +4)
You cannot wear most types of armour.
You are amphibious.
You can wear up to eight rings at the same time.
Your skin changes colour to match your surroundings (Stealth+).
Your rubbery body absorbs attacks. (AC +1, EV +1)
((You are camouflaged when in or above water. (Stealth+)))
You have tentacles for arms and can constrict up to eight enemies at once.


Message History

The yak gores you!
You take 8 damage, and have 52/62 hp.
You tentacle-slap the yak. You squeeze the yak!
The yak is severely wounded.
The yak misses you.
You bludgeon the yak!
The yak is almost dead.
The yak gores you!
You take 13 damage, and have 39/62 hp.
MASSIVE DAMAGE!!
You tentacle-slap the yak.
The yak is almost dead.
The yak closely misses you.
You bludgeon the yak!
You kill the yak!
The Council accepts your kill.
You bludgeon the steam dragon!
The steam dragon is heavily wounded.
The steam dragon breathes steam at you. The ball of steam hits you!
You take 14 damage, and have 26/62 hp.
MASSIVE DAMAGE!!
You tentacle-slap the steam dragon but do no damage.
Your squeeze misses the steam dragon.
The steam dragon is heavily wounded.
You are engulfed in a cloud of scalding steam.
* * * LOW HITPOINT WARNING * * *
The steam dragon breathes steam at you. The ball of steam misses you.
You take 9 damage, and have 17/62 hp.
You feel much better.
You are engulfed in a cloud of scalding steam.
The steam dragon breathes steam at you. The ball of steam misses you.
You regained 12 hp, and now have 29/62 hp.
You barely miss the steam dragon.
The steam dragon is heavily wounded.
You are engulfed in a cloud of scalding steam.
* * * LOW HITPOINT WARNING * * *
The steam dragon breathes steam at you. The ball of steam hits you!!
You die...

### ### #.. ..# #.#
#.# #.# #.# #.# #.#
#.###.##############
#.#........oDh§§...#
#.#.#.###########.##
####...#.##
..........####
.............#
..oY.......#.#
##...oo..#.#.#
.o....####.#.#
Y..o..# #.#..


You could see a steam dragon (catching breath) and an orc.

Vanquished Creatures
  3 yaks (D:8)
  2 steam dragons (D:6)
  Edmund (D:4)
  A water moccasin (D:6)
  4 orc warriors
  A sky beast (D:7)
  An ice beast (D:5)
  An ogre (D:5)
  A bullfrog (D:6)
  A gnoll sergeant (D:7)
  A scorpion (D:6)
  3 howler monkeys
  A centaur zombie (D:6)
  An orc priest (D:7)
  9 hounds
  Jessica (D:3)
  6 iguanas
  A sleepcap (D:6)
  6 orc wizards
  A howler monkey zombie (D:6)
  16 gnolls
  2 adders
  2 white imps
  2 ufetubi (D:5)
  2 dart slugs (D:1)
  19 orcs
  13 ball pythons
  8 endoplasms
  5 giant cockroaches
  4 goblins
  3 hobgoblins
  6 quokkas
  5 bats
  8 kobolds
  6 rats
147 creatures vanquished.

Notes
Turn   | Place    | Note
-------+----------+-------------------------------------------
     0 | D:1      | Dirtsage the Octopode Shapeshifter began the quest for the
                  | Orb.
     0 | D:1      | Reached XP level 1. HP: 13/13 MP: 1/1
   128 | D:1      | Reached XP level 2. HP: 18/18 MP: 2/2
   235 | D:1      | Reached XP level 3. HP: 13/23 MP: 3/3
  1067 | D:2      | Reached XP level 4. HP: 27/29 MP: 4/4
  1862 | D:3      | Noticed Jessica
  1869 | D:3      | Killed Jessica
  1990 | D:3      | Found a glowing silver altar of Zin.
  2021 | D:3      | Reached XP level 5. HP: 34/34 MP: 5/5
  2390 | D:3      | Found a runed translucent door.
  2391 | D:3      | Noticed Crazy Yiuf
  2518 | D:4      | Found a stormy altar of Qazlal.
  2587 | D:4      | Found a staircase to the Ecumenical Temple.
  2600 | Temple   | Entered the Ecumenical Temple
  2611 | Temple   | Became a worshipper of the Wu Jian Council
  2656 | D:4      | Found Atili's Book Emporium.
  2735 | D:4      | Noticed Edmund
  2737 | D:4      | Found Ebeinaur's Distillery.
  2756 | D:4      | Bought a potion of curing for 33 gold pieces
  2756 | D:4      | Bought 2 potions of heal wounds for 110 gold pieces
  2756 | D:4      | Bought a potion of might for 44 gold pieces
  2923 | D:4      | Reached XP level 6. HP: 41/41 MP: 6/6
  2976 | D:4      | Reached skill level 5 in Unarmed Combat
  3091 | D:4      | Found Naikh's Weapon Shop.
  3198 | D:4      | Killed Edmund
  3199 | D:4      | Reached skill level 5 in Shapeshifting
  3417 | D:5      | Entered Level 5 of the Dungeon
  3417 | D:5      | Noticed an orc warrior
  3422 | D:4      | Reached XP level 7. HP: 46/46 MP: 7/7
  3929 | D:5      | Reached * piety under Wu Jian
  4197 | D:5      | Reached XP level 8. HP: 29/54 MP: 8/8
  4553 | D:6      | Found a burning altar of Makhleb.
  5277 | D:6      | Found a basalt altar of Yredelemnul.
  5382 | D:7      | Reached XP level 9. HP: 41/60 MP: 9/9
  5488 | D:7      | Reached skill level 5 in Fighting
  5500 | D:7      | Reached ** piety under Wu Jian
  5924 | D:7      | Found a runed translucent door.
  5928 | D:7      | Noticed a cyclops
  5929 | D:7      | Noticed Zgarb's ghost (novice DgFE)
  6076 | D:7      | Found a broken altar of Ashenzari.
  6132 | D:7      | HP: 3/61 [poisoned by a gnoll sergeant]
  6541 | D:8      | Killed from afar by a steam dragon

Illustrated notes

Levels and vault maps discovered:
D:1:      co_arrival_random_square_maze, layout_basic, nicolae_grassy_gnolls
D:2:      layout_loops_ring
D:3:      layout_basic, mainiacjoe_overflow_catwalk, uniq_jessica,
          uniq_crazy_yiuf_cottage
D:4:      layout_loops_ring, nicolae_qazlal_scattered_showers,
          minmay_temple_entry_large_hall, serial_shops, shop_coins, shop, shop,
          uniq_edmund
D:5:      layout_loops_ring
D:6:      layout_rooms, lemuel_zombie_altar_yredelemnul, lightli_temple_of_fire,
          grunt_ministairs_7
D:7:      layout_rooms, nicolae_ashenzari_skybound,
          nicolae_overflow_hidden_temple, ebering_ghost_inner_flame,
          kennysheep_generic_room_10
D:8:      layout_basic, grunt_dithmenos_shadows
Temple:   hellmonk_temple_forest_ring

Skill      XL: |  1  2  3  4  5  6  7  8  9 |
---------------+----------------------------+-----
Unarmed Combat | 4 5 6 7 8 |  8.8
Fighting       | 2 3 4 5 |  5.8
Shapeshifting  | 4 5 6 7 8 |  8.2
Dodging        | |  2.0

Action                     |  1- 3 |  4- 6 |  7- 9 || total
---------------------------+-------+-------+-------++-------
  Melee: Unarmed           |    51 |    91 |   186 ||   328
         Constrict         |    12 |    30 |    52 ||    94
         Punch             |     2 |     2 |    17 ||    21
         Tentacles         |     9 |    20 |    68 ||    97
Ability: Lunge             |       |       |    23 ||    23
         Whirlwind         |       |       |    11 ||    11
  Evoke: Wand              |       |       |     5 ||     5
    Use: Scroll            |       |     5 |     4 ||     9
         Potion            |       |       |     4 ||     4
   Stab: Sleeping          |     1 |     3 |       ||     4
 Armour: Skin              |    12 |    27 |    75 ||   114
  Dodge: Dodged            |    45 |    57 |   142 ||   244

Table legend: (Time is in decaauts)
 A = Elapsed time spent in this place.
 B = Non-inter-level travel time spent in this place.
 C = Inter-level travel time spent in this place.
 D = Time resting spent in this place.
 E = Time spent auto-exploring this place.
 F = Levels seen in this place.
 G = Mean time per level.
                   A        B        C        D        E       F      G
               +--------+--------+--------+--------+--------+-----+--------+
         Total |   6513 |   6129 |    384 |    727 |   4564 |   9 |  723.7 |
       Dungeon |   6488 |   6124 |    364 |    727 |   4564 |   8 |  811.0 |
        Temple |     25 |      5 |     20 |      0 |      0 |   1 |   25.0 |
               +--------+--------+--------+--------+--------+-----+--------+

Top non-repeatable levels by time:
     D:6: 1302 daAuts
     D:1: 944 daAuts
     D:5: 928 daAuts
     D:4: 918 daAuts
     D:3: 867 daAuts
     D:7: 749 daAuts
     D:2: 689 daAuts
     D:8: 87 daAuts
  Temple: 25 daAuts
